 Dungeon Crawl Stone Soup version 0.21.1-1-g345015f (webtiles) character file.

102 poirepourri the Magician (level 4, -8/33 HPs)
             Began as a Draconian Fire Elementalist on May 11, 2018.
             Mangled by a worm (13 damage)
             ... on level 2 of the Dungeon.
             The game lasted 00:03:15 (1810 turns).

poirepourri the Magician (DrFE)                     Turns: 1810, Time: 00:03:16

Health: -8/33      AC:  5    Str: 10    XL:     4   Next: 49%
Magic:  1/10       EV: 12    Int: 16    God:
Gold:   142        SH:  0    Dex: 12    Spells: 8/11 levels left

rFire    . . .     SeeInvis .   g - +1 short sword
rCold    . . .     Gourm    .   (no shield)
rNeg     . . .     Faith    .   (armour unavailable)
rPois    .         Spirit   .   (helmet restricted)
rElec    .         Reflect  .   (no cloak)
rCorr    .         Harm     .   (no gloves)
MR       .....                  (no boots)
Stlth    ++........             (no amulet)
HPRegen  0.11/turn              (no ring)
MPRegen  0.12/turn              (no ring)

@: no status effects
A: unfitting armour, cold-blooded, AC +5
a: no special abilities


You were on level 2 of the Dungeon.
You were hungry.

You visited 1 branch of the dungeon, and saw 2 of its levels.

You collected 142 gold pieces.

Inventory:

Hand Weapons
 g - a +1 short sword (weapon)
Jewellery
 c - an uncursed ring of flight
 d - an uncursed amulet of harm {unknown}
Scrolls
 b - a scroll of immolation
 f - 3 scrolls of remove curse
Books
 a - a book of Flames

   Spells                             Type                      Level
   a - Flame Tongue                   Conjuration/Fire             1
   b - Throw Flame                    Conjuration/Fire             2
   c - Conjure Flame                  Conjuration/Fire             3
   d - Inner Flame                    Hexes/Fire                   3
   e - Sticky Flame                   Conjuration/Fire             4
   f - Fireball                       Conjuration/Fire             5


   Skills:
 - Level 1.7 Dodging
 - Level 1.7 Stealth
 - Level 4.0 Spellcasting
 - Level 1.0 Conjurations
 + Level 3.6 Fire Magic


You had 8 spell levels left.
You knew the following spells:

 Your Spells              Type           Power        Failure   Level  Hunger
a - Flame Tongue          Conj/Fire      ##...        6%          1    None
b - Throw Flame           Conj/Fire      ##....       10%         2    ##.....


Dungeon Overview and Level Annotations

Branches:
Dungeon (2/15)

Altars:
Trog


Innate Abilities, Weirdness & Mutations

Your plain brown scales are hard. (AC +5)
You cannot fit into any form of body armour.
You are cold-blooded and may be slowed by cold attacks.


Message History

You don't have enough magic to cast that spell.
Unknown command.
You see here a rat corpse.
You barely miss the worm.
You tail-slap the worm, but do no damage.
The worm is lightly wounded.
The rat bites you.
The moth of wrath goads the worm on!
The worm goes berserk!
The worm bites you!
You hit the worm but do no damage.
The worm is lightly wounded.
The rat bites you but does no damage. The worm bites you!!
Ouch! That really hurt!
* * * LOW HITPOINT WARNING * * *
The moth of wrath goads the rat on!
The rat goes berserk!
You hit the worm.
The worm is moderately wounded.
The rat bites you.
* * * LOW HITPOINT WARNING * * *
The worm bites you!
You die...

# #.## #..)<)####..# #
###..)..).#######.#####.#
######## #...._....# #....##..
.......###.........######....####
........#....###....#........#
.......##...##y##...######...#
.......##....###....# #####
........#......rw...#
#######.##......@..#
#..##....†..## ##..####.####
##...##.# ###....# ######


You could see a moth of wrath, a worm (berserk) and a rat (berserk).

Vanquished Creatures
  Terence (D:2)
  Robin (D:2)
  2 adders (D:2)
  A worm (D:2)
  A leopard gecko (D:2)
  9 goblins
  6 hobgoblins
  4 jackals (D:1)
  6 kobolds
  A quokka (D:2)
  3 bats (D:1)
  2 frilled lizards
  7 rats
44 creatures vanquished.

Notes
Turn   | Place    | Note
-------+----------+-------------------------------------------
     0 | D:1      | poirepourri the Draconian Fire Elementalist began the quest for the Orb.
     0 | D:1      | Reached XP level 1. HP: 14/14 MP: 3/3
   329 | D:1      | Reached XP level 2. HP: 20/20 MP: 3/5
   334 | D:1      | Learned a level 2 spell: Throw Flame
   431 | D:1      | Reached skill level 3 in Spellcasting
   741 | D:2      | Reached XP level 3. HP: 24/26 MP: 0/7
   887 | D:2      | Noticed Robin
   903 | D:2      | Noticed Terence
   919 | D:2      | Killed Terence
   919 | D:2      | Reached skill level 4 in Spellcasting
  1010 | D:2      | Reached XP level 4. HP: 23/33 MP: 1/10
  1454 | D:2      | Killed Robin
  1764 | D:2      | Noticed a moth of wrath
  1767 | D:2      | Found a bloodstained altar of Trog.
  1810 | D:2      | Mangled by a worm

Skill      XL: |  1  2  3 |
---------------+----------+-----
Spellcasting   | 3 4 |  4.0
Dodging        | |  1.7
Stealth        | |  1.7
Conjurations   | |  1.0
Fire Magic     | |  3.6

Action                   |  1- 3 |  4- 6 || total
-------------------------+-------+-------++-------
Melee: Unarmed           |    32 |       ||    32
       Short sword       |       |    14 ||    14
       Tailslap          |       |     1 ||     1
 Cast: Flame Tongue      |    32 |    16 ||    48
       Throw Flame       |    13 |    11 ||    24
  Use: Scroll            |     5 |     6 ||    11
       Potion            |     2 |     1 ||     3
  Eat: Ration            |     1 |       ||     1
Armor: Skin              |    18 |    14 ||    32
Dodge: Dodged            |    21 |    22 ||    43
